 Dungeon Crawl Stone Soup version 0.28-a0-203-gf40de95187 (webtiles) character file.

Game seed: 14482678520109157731

164 Froggeryz the Cutter (level 5, 0/54 HPs)
             Began as an Octopode Berserker on Aug 20, 2021.
             Was a Believer of Trog.
             Slain by a jackal (2 damage)
             ... on level 4 of the Dungeon.
             The game lasted 00:02:50 (3795 turns).

Froggeryz the Cutter (Octopode Berserker)           Turns: 3795, Time: 00:02:51

Health: 0/54       AC:  1    Str: 16    XL:     5   Next: 45%
Magic:  5/5        EV: 10    Int: 10    God:    Trog [**....]
Gold:   121        SH:  0    Dex: 12    Spells: 4/4 levels left

rFire   . . .      SeeInvis .   a - +0 short sword
rCold   + . .      Faith    .   (no shield)
rNeg    . . .      Spirit   .   (helmet restricted)
rPois   .          Reflect  .   (no amulet)
rElec   .          Harm     .   k - ring of protection from cold
rCorr   .          Rampage  .   (no ring)
Will    .....                   (no ring)
Stlth   ..........              (no ring)
HPRegen 0.18/turn               (no ring)
MPRegen 0.09/turn               (no ring)
                                (no ring)
                                (no ring)

@: berserking, constricted, very quick
A: almost no armour, amphibious, 8 rings, camouflage 1, gelatinous body 1,
(nimble swimmer 1), tentacles
a: Renounce Religion, Berserk, Trog's Hand


You were on level 4 of the Dungeon.
You worshipped Trog.
Trog was pleased with you.
You visited 1 branch of the dungeon, and saw 4 of its levels.

You collected 121 gold pieces.

Inventory:

Hand Weapons
 a - a +0 short sword (weapon)
Jewellery
 k - a ring of protection from cold (left tentacle)
Scrolls
 b - 7 scrolls of identify {unknown}
 c - a scroll of enchant armour {unknown}
 e - a scroll of amnesia {unknown}
 f - 3 scrolls of teleportation {unknown}
 g - a scroll of blinking {unknown}
 i - 2 scrolls of noise {unknown}
 l - a scroll of fear {unknown}
Potions
 d - 2 potions of curing {unknown}
 h - a potion of magic {unknown}
 j - a potion of degeneration {unknown}


   Skills:
 - Level 3.0 Fighting
 * Level 5.2 Short Blades
 - Level 3.0 Dodging
 + Level 3.7 Stealth


You had 4 spell levels left.
You didn't know any spells.
Your spell library was empty.

Dungeon Overview and Level Annotations

Branches:
Dungeon (4/15)
 Temple: D:4-7

Altars:
Fedhas
Gozag
Nemelex Xobeh
Sif Muna

Shops:
D:2 (*!?*   D:3 !


Innate Abilities, Weirdness & Mutations

You cannot wear most types of armour.
You are amphibious.
You can wear up to eight rings at the same time.
Your skin changes colour to match your surroundings (Stealth+).
Your rubbery body absorbs attacks. (AC +1, EV +1)
((You are camouflaged near water. (Stealth+)))
You have tentacles for arms and can constrict up to eight enemies at once.


Message History

The jackal bites you but does no damage.
The jackal bites you.
The jackal bites you but does no damage.
The ball python bites you but does no damage.
The ball python constricts you. The jackal closely misses you.
The jackal bites you but does no damage.
The jackal bites you. The jackal barely misses you. The jackal bites you.
You barely miss the jackal. You grab the jackal.
The jackal is heavily wounded.
You constrict the jackal. The ball python bites you.
* * * LOW HITPOINT WARNING * * *
The ball python constricts you.
* * * LOW HITPOINT WARNING * * *
The jackal bites you.
* * * LOW HITPOINT WARNING * * *
You puncture the jackal!
You kill the jackal!
Trog accepts your kill.
You constrict the jackal. The jackal bites you.
* * * LOW HITPOINT WARNING * * *
The jackal barely misses you. The jackal bites you.
* * * LOW HITPOINT WARNING * * *
The jackal closely misses you. The ball python bites you.
* * * LOW HITPOINT WARNING * * *
The ball python constricts you.
* * * LOW HITPOINT WARNING * * *
You barely miss the jackal. Your grab misses the jackal.
You constrict the jackal.
You kill the jackal!
Trog accepts your kill.
The jackal bites you but does no damage.
The jackal misses you. x2
You hit the jackal. Your grab misses the jackal.
The jackal is severely wounded.
The ball python bites you.
* * * LOW HITPOINT WARNING * * *
The ball python constricts you.
* * * LOW HITPOINT WARNING * * *
The jackal bites you.
You die...

.### ### ###
...#
...##..#...#
.........#
........+
#......#
#.††S./#
#.†@hh.#
#..hh..##h.
#..........
#..........
#<.##......
#..# ......
#..........
#..........
...........


You could see 4 jackals and a ball python.

Vanquished Creatures
  A bullfrog zombie (D:3)
  A hound (D:3)
  2 adders (D:3)
  A worm (D:3)
  A dart slug (D:2)
  An orc (D:3)
  4 ball pythons (D:1)
  16 endoplasms
  A giant cockroach (D:1)
  5 hobgoblins
  6 jackals
  3 kobolds
  A quokka (D:3)
  6 bats
  10 frilled lizards
  4 goblins
  6 rats
69 creatures vanquished.

Notes
Turn   | Place    | Note
-------+----------+-------------------------------------------
     0 | D:1      | Froggeryz the Octopode Berserker began the quest for the
                  | Orb.
     0 | D:1      | Reached XP level 1. HP: 16/16 MP: 1/1
    77 | D:1      | Found a faded altar of an unknown god.
    78 | D:1      | Noticed a golden eye
    80 | D:1      | Noticed a floating eye
    80 | D:1      | Noticed an eye of devastation
    80 | D:1      | Noticed a great orb of eyes
   310 | D:1      | Reached skill level 1 in Stealth
   331 | D:1      | Reached XP level 2. HP: 21/21 MP: 2/2
   988 | D:2      | Found Upent's Distillery.
  1116 | D:2      | Reached XP level 3. HP: 26/26 MP: 3/3
  1128 | D:2      | Found a blossoming altar of Fedhas.
  1523 | D:2      | Reached skill level 4 in Short Blades
  1792 | D:2      | Reached ** piety under Trog
  1796 | D:2      | Found Upuerghim's General Store.
  2125 | D:2      | Found a shimmering blue altar of Sif Muna.
  2126 | D:2      | Found Vamud's Magic Scroll Boutique.
  2132 | D:2      | Found Recs's Assorted Antiques.
  2178 | D:2      | Found Yhewid's Antique Weapon Shoppe.
  2628 | D:3      | Reached XP level 4. HP: 14/31 MP: 4/4
  2807 | D:3      | Found Isutuz's Distillery.
  2924 | D:3      | Found an opulent altar of Gozag.
  2924 | D:3      | Found a sparkling altar of Nemelex Xobeh.
  3350 | D:3      | Reached XP level 5. HP: 34/36 MP: 5/5
  3469 | D:3      | Reached skill level 5 in Short Blades
  3795 | D:4      | HP: 2/54 [constriction (1)]
  3795 | D:4      | Slain by a jackal

Illustrated notes

Levels and vault maps discovered:
D:1:      dpeg_arrival_rooms_with_view, layout_basic,
          hellmonk_ecumenical_altar_watching_god, hex_medium
D:2:      layout_loops_corners, serial_shops, shop, nicolae_shop_waterfront,
          nicolae_diamond_shop, shop, shop_fountains, basic_altar,
          minmay_hexomino_r4
D:3:      minmay_octagon_keep, layout_basic, grunt_temple_overflow_opulence,
          serial_shops, shop
D:4:      layout_gridville, grunt_temple_overflow_open,
          ebering_ghost_reflecting_pool, minmay_surrounded

Skill      XL: |  1  2  3  4  5 |
---------------+----------------+-----
Stealth        | 1 3 |  3.7
Short Blades   | 4 5 |  5.2
Fighting       | |  3.0
Dodging        | |  3.0

Action                   |  1- 3 |  4- 6 || total
-------------------------+-------+-------++-------
Melee: Short sword       |    89 |    51 ||   140
       Tentacles         |    17 |     6 ||    23
       Constrict         |    15 |     8 ||    23
Invok: Berserk           |     1 |     2 ||     3
 Stab: Sleeping          |    11 |     4 ||    15
Armor: Skin              |     2 |    14 ||    16
Dodge: Dodged            |    36 |    49 ||    85

Table legend: (Time is in decaauts)
 A = Elapsed time spent in this place.
 B = Non-inter-level travel time spent in this place.
 C = Inter-level travel time spent in this place.
 D = Time resting spent in this place.
 E = Time spent auto-exploring this place.
 F = Levels seen in this place.
 G = Mean time per level.
                   A        B        C        D        E       F      G
               +--------+--------+--------+--------+--------+-----+--------+
         Total |   3794 |   3736 |     58 |    436 |   2934 |   4 |  948.5 |
       Dungeon |   3794 |   3736 |     58 |    436 |   2934 |   4 |  948.5 |
               +--------+--------+--------+--------+--------+-----+--------+

Top non-repeatable levels by time:
     D:2: 1445 daAuts
     D:3: 1353 daAuts
     D:1: 983 daAuts
     D:4: 12 daAuts
